Map: Lerilak Crest

Players

ShoWTimE

  • Race: Protoss Protoss
  • League: Master

Dayshi - Winner!

  • Race: Terran Terran
  • League: Grandmaster

Event: Homestory Cup XII

VOD

Have the link to the VOD?

Description

Time

  • Played on: Dec. 17, 2015, 9:56 a.m.
  • Length: 9:12

All games in this series

Show
View Real Time Build Order
Export as new Build Order

ShoWTimE Protoss 

Build Orders: 1 Gate Expand 

Get SALT Encoding   

  12  0:00  Probe (Chrono Boost)  
  13  0:11  Probe (Chrono Boost)  
  14  0:17  Pylon  
  14  0:22  Probe (Chrono Boost)  
  15  0:35  Probe (Chrono Boost)  
  16  0:37  Gateway  
  16  0:43  Assimilator  
  16  0:46  Probe (Chrono Boost)  
  17  0:56  Probe (Chrono Boost)  
  18  1:07  Probe (Chrono Boost)  
  19  1:21  Nexus  
  19  1:31  Cybernetics Core  
  19  1:34  Probe (Chrono Boost)  
  20  1:42  Assimilator  
  20  1:45  Probe (Chrono Boost)  
  21  1:53  Pylon  
  21  1:56  Probe (Chrono Boost)  
  22  2:07  Probe (Chrono Boost)  
  23  2:10  Warp Gate  
  23  2:11  Adept  
  25  2:18  Mothership Core (Chrono Boost)  
  27  2:34  Robotics Facility  
  27  2:35  Probe (Chrono Boost)  
  27  2:36  Probe (Chrono Boost)  
  29  2:40  Adept  
  31  2:46  Probe (Chrono Boost)  
  31  2:48  Probe (Chrono Boost)  
  33  2:57  Probe (Chrono Boost)  
  34  2:59  Probe (Chrono Boost)  
  35  3:07  Probe (Chrono Boost)  
  35  3:09  Probe (Chrono Boost)  
  35  3:10  Adept  
  39  3:18  Probe (Chrono Boost)  
  40  3:20  Probe (Chrono Boost)  
  40  3:23  Pylon  
  39  3:28  Probe (Chrono Boost), Observer  
  39  3:30  Probe (Chrono Boost)  
  42  3:37  Twilight Council  
  42  3:39  Probe (Chrono Boost)  
  45  3:42  Probe (Chrono Boost)  
  45  3:44  Pylon  
  44  3:49  Probe (Chrono Boost), Assimilator x2  
  44  3:53  Probe (Chrono Boost)  
  46  3:58  Gateway  
  46  4:02  Probe (Chrono Boost), Gateway  
  47  4:04  Probe (Chrono Boost)  
  47  4:09  Pylon  
  49  4:14  Adept  
  49  4:17  Pylon  
  50  4:22  Immortal (Chrono Boost)  
  54  4:27  Mothership Core (Chrono Boost)  
  52  4:33  Probe  
  53  4:44  Blink (Chrono Boost)  
  49  4:47  Probe  
  49  4:48  Probe  
  49  4:50  Adept  
  53  4:58  Probe  
  53  5:00  Probe  
  52  5:08  Probe  
  53  5:15  Probe  
  53  5:19  Gateway  
  53  5:21  Gateway  
  54  5:23  Gateway  
  54  5:24  Gateway  
  54  5:27  Warp Prism  
  56  5:35  Adept x2  
  60  5:42  Adept, Pylon  
  62  5:50  Pylon  
  62  5:57  Stalker  
  62  5:58  Stalker  
  62  6:03  Observer  
  67  6:06  Stalker  
  69  6:17  Stalker  
  71  6:24  Stalker x5  
  79  6:31  Pylon  
  77  6:37  Stalker  
  79  6:44  Pylon  
  79  6:47  Pylon  
  79  6:59  Warp Prism  
  81  7:02  Adept x3  
  81  7:03  Adept x2  
  81  7:05  Adept  
  69  7:24  Stalker x4  
  76  7:33  Stalker x2  
  76  7:34  Stalker  
  82  7:52  Robotics Bay  
  82  7:58  Adept x2  
  82  7:59  Adept x3  
  82  8:03  Adept  
  94  8:10  Pylon  
  88  8:20  Adept x2  
  88  8:21  Adept x2  
  81  8:31  Stalker x2  
  81  8:34  Mothership Core  
  75  8:39  Adept  
  77  8:46  Adept x2  
  79  8:54  Adept x3  
Show
View Real Time Build Order
Export as new Build Order

Dayshi Terran - Winner!

Build Orders: MMM Bio 

Get SALT Encoding   

  12  0:00  SCV  
  13  0:12  SCV  
  14  0:17  Supply Depot  
  14  0:25  SCV  
  15  0:38  SCV  
  15  0:40  Barracks  
  16  0:44  Refinery  
  16  0:50  SCV  
  17  1:03  SCV  
  18  1:15  SCV  
  19  1:26  Barracks Reactor  
  19  1:27  Orbital Command  
  19  1:40  Command Center  
  19  1:47  Supply Depot  
  19  1:52  SCV  
  20  2:03  Marine  
  20  2:04  Marine  
  20  2:05  SCV  
  23  2:13  Factory  
  23  2:17  SCV  
  23  2:22  Marine x2  
  25  2:29  SCV  
  27  2:38  Refinery  
  27  2:40  Marine x2  
  27  2:41  SCV  
  30  2:53  SCV  
  30  2:59  Marine x2  
  30  3:00  Factory Tech Lab  
  30  3:04  Orbital Command  
  33  3:05  SCV  
  33  3:08  Barracks  
  33  3:17  SCV  
  33  3:19  Cyclone  
  37  3:27  Marine x2  
  36  3:29  SCV  
  39  3:35  SCV  
  39  3:36  Supply Depot  
  40  3:42  SCV  
  40  3:46  Marine x2  
  40  3:47  SCV  
  44  3:54  SCV  
  45  3:59  SCV, Widow Mine  
  45  4:00  Supply Depot  
  48  4:03  Starport  
  48  4:04  Stimpack  
  48  4:07  Marine x2  
  48  4:09  Marine  
  51  4:11  SCV  
  51  4:14  SCV  
  53  4:23  SCV  
  54  4:26  SCV  
  54  4:29  Liberator  
  50  4:31  Marine  
  50  4:32  Marine x2  
  50  4:34  Refinery, Engineering Bay  
  50  4:35  SCV  
  53  4:39  SCV  
  54  4:47  SCV, Factory Reactor  
  54  4:49  Supply Depot, Marine  
  54  4:51  SCV  
  60  4:59  SCV  
  58  5:01  Marine x2  
  58  5:03  SCV  
  58  5:08  Terran Infantry Weapons Level 1  
  58  5:11  SCV  
  58  5:13  Marine  
  58  5:14  Barracks x2  
  60  5:18  SCV  
  61  5:23  SCV, Marine  
  61  5:24  Marauder  
  61  5:25  Bunker  
  65  5:30  Supply Depot  
  65  5:31  Supply Depot  
  65  5:36  Medivac x2  
  65  5:39  SCV  
  70  5:44  Refinery  
  70  5:49  Factory Reactor  
  70  5:52  SCV, Marauder, Marine x2  
  70  5:53  Liberator  
  75  6:01  Missile Turret  
  75  6:03  Barracks Reactor  
  75  6:04  Combat Shields, Barracks Tech Lab  
  75  6:07  Command Center  
  78  6:11  Liberator  
  78  6:13  Marauder  
  80  6:21  Marine x2  
  82  6:26  Marauder  
  84  6:33  Supply Depot  
  84  6:34  Supply Depot x2, Widow Mine  
  84  6:36  Concussive Shells  
  86  6:42  Barracks  
  86  6:43  SCV x2, Marauder  
  90  6:48  Marine x2  
  90  6:49  Marauder  
  94  6:54  Medivac, Marine x2  
  94  7:02  SCV  
  94  7:03  SCV  
  94  7:08  Marine  
  94  7:09  Marauder  
  94  7:10  Marauder  
  94  7:15  SCV x2  
  96  7:17  Marine  
  97  7:24  Marine  
  97  7:27  SCV x2  
  97  7:29  Marine  
  101  7:30  Barracks Tech Lab, Marauder  
  101  7:33  Supply Depot, Engineering Bay  
  101  7:34  Armory  
  103  7:37  Supply Depot  
  103  7:39  Marine, Marauder  
  103  7:40  Marine  
  103  7:43  Medivac  
  109  7:47  Marine, Medivac  
  112  7:56  Marine  
  112  7:57  Marauder  
  114  7:58  SCV  
  114  7:59  SCV  
  113  8:12  Marauder, Marine  
  114  8:17  Marauder, Marine x2  
  109  8:23  Marauder  
  109  8:25  SCV  
  108  8:28  SCV  
  105  8:37  Marine x2  
  105  8:38  Marauder  
  105  8:39  Marine  
  108  8:43  Orbital Command  
Tags
 
Add a new tag
Caveats
  • Supply blocks, unpowered buildings, or Contaminate may cause inaccurate times.
  • Supply counts are checked every 10 seconds.